 Dungeon Crawl Stone Soup version 0.30-a0-718-geaa24f58ff (webtiles) character file.

Game seed: 18379169600292119763

140 Crownlay the Sneak (level 5, -3/31 HPs)
             Began as an Octopode Earth Elementalist on Jan 25, 2023.
             Killed by divine providence
             ... invoked by an orc priest
              (13 damage)
             ... on level 4 of the Dungeon.
             The game lasted 00:03:43 (3529 turns).

Crownlay the Sneak (Octopode Earth Elementalist)    Turns: 3529, Time: 00:03:43

Health: -3/31      AC:  1    Str:  8    XL:     5   Next: 23%
Magic:  8/8        EV: 13    Int: 19    God:
Gold:   177        SH:  0    Dex: 12    Spells: 4/8 levels left

rFire   . . .      SeeInvis .    l - +0 dagger (vamp)
rCold   . . .      Faith    .    (no shield)
rNeg    . . .      Spirit   .    (helmet restricted)
rPois   .          Reflect  .    s - amulet of magic regeneration
rElec   .          Harm     .    n - ring of wizardry
rCorr   .          Rampage  .    p - +4 ring of slaying
Will    .....                    (no ring)
Stlth   ++++                     (no ring)
HPRegen 0.25/turn                (no ring)
MPRegen 0.51/turn                (no ring)
                                 (no ring)
                                 (no ring)

@: no status effects
A: almost no armour, amphibious, 8 rings, camouflage 1, gelatinous body 1,
(nimble swimmer 1), tentacles
a: no special abilities


You were on level 4 of the Dungeon.
You visited 1 branch of the dungeon, and saw 4 of its levels.

You collected 177 gold pieces.

Inventory:

Hand Weapons
 l - a +0 vampiric dagger (weapon)
Jewellery
 n - a ring of wizardry (left tentacle)
 p - a +4 ring of slaying (right tentacle)
 s - an amulet of magic regeneration (around mantle)
Scrolls
 d - 2 scrolls of teleportation {unknown}
 f - 2 scrolls of magic mapping
 g - 2 scrolls of immolation
 h - a scroll of torment
 j - a scroll of fog {unknown}
 o - a scroll of amnesia {unknown}
 q - a scroll of enchant weapon {unknown}
 r - a scroll of identify
 t - a scroll of vulnerability {unknown}
Potions
 a - 2 potions of magic
 b - a potion of berserk rage {unknown}
 c - a potion of attraction {unknown}
 e - 2 potions of curing
 i - 2 potions of cancellation
 k - a potion of heal wounds {unknown}
 m - a potion of lignification {unknown}


   Skills:
 - Level 2.0 Dodging
 + Level 5.6 Stealth
 - Level 2.0 Spellcasting
 - Level 1.0 Transmutations
 + Level 4.5 Earth Magic


You had 4 spell levels left.
You knew the following spells:

 Your Spells              Type           Power      Damage    Failure   Level
a - Sandblast             Erth           38%        2d10      1%          1
b - Stone Arrow           Conj/Erth      20%        3d8       9%          3

Your spell library contained the following spells:

 Spells                   Type           Power      Damage    Failure   Level
 Passwall                 Tmut/Erth      10%        N/A       3%          2
 Petrify                  Tmut/Erth      12%        N/A       21%         4


Dungeon Overview and Level Annotations

Branches:
Dungeon (4/15)
 Temple: D:4-7

Altars:
Ashenzari

Shops:
D:4 [


Innate Abilities, Weirdness & Mutations

You cannot wear most types of armour.
You are amphibious.
You can wear up to eight rings at the same time.
Your skin changes colour to match your surroundings (Stealth+).
Your rubbery body absorbs attacks. (AC +1, EV +1)
((You are camouflaged when in or above water. (Stealth+)))
You have tentacles for arms and can constrict up to eight enemies at once.


Message History

You open the door.
There is a stone staircase leading down here.
You open the door.
There is an open door here.
You see here a +0 leather armour.
Found an escape hatch in the floor.
There is an escape hatch in the floor here.
There is a broken altar of Ashenzari here.
Found two stone staircases leading down.
You now have 170 gold pieces (gained 12).
d - 2 scrolls labelled MOINEYFUP (gained 1)
You open the door.
There is an open door here.
You open the door.
There is an open door here.
Found a stone staircase leading up.
You now have 177 gold pieces (gained 7).
An orc comes into view. It is wielding a +0 club.
An orc is nearby!
An orc priest, an orc and an orc wizard come into view.
The orc priest shouts!
The orc wizard shouts!
You hear a shout!
The orc priest invokes the aid of Beogh against you.
Beogh smites you!
You hear a shout!
A hobgoblin and 3 orcs come into view.
The orc shouts!
The orc wizard hits you with a +0 dagger.
The hobgoblin moves out of view.
The orc moves out of view.
You hear a shout!
You are too injured to fight recklessly!
You are too injured to fight recklessly!
You are too injured to fight recklessly!
You are too injured to fight recklessly!
You are too injured to fight recklessly!
You are too injured to fight recklessly!
The orc wizard attacks as you move away!
The orc wizard hits you with a +0 dagger.
The orc priest invokes the aid of Beogh against you.
Beogh smites you!
You die...

.. ...... .### #.# ## ..
...... ..# #.. ....
.....# #.###.# # .#.
#...... #.#...# #.# o.
.....# #...... #...#.
.o...## #...#.# #
#..o#.....o. #..##.#
#...#.o##### ####......
#.....o@...# ##.....#.##
##########.###..##.##...
#.#.....#.....#
#...###........
##..###..####..
##.###..# #.. ######
#..#..#####.. .....>.
#..#......#..
#.......###.._..###.#..


You could see an orc priest, an orc wizard and 2 orcs.

Vanquished Creatures
  4 adders
  2 worms
  7 orcs (D:4)
  9 ball pythons
  5 bats
  14 endoplasms
  4 giant cockroaches
  7 goblins
  4 hobgoblins
  A jackal (D:2)
  6 quokkas
  4 frilled lizards
  9 kobolds
  8 rats
84 creatures vanquished.

Notes
Turn   | Place    | Note
-------+----------+-------------------------------------------
     0 | D:1      | Crownlay the Octopode Earth Elementalist began the quest
                  | for the Orb.
     0 | D:1      | Reached XP level 1. HP: 11/11 MP: 3/3
   151 | D:1      | Reached skill level 3 in Stealth
   243 | D:1      | Reached XP level 2. HP: 17/17 MP: 1/5
   330 | D:1      | Found a faded altar of an unknown god.
   705 | D:1      | Reached XP level 3. HP: 21/21 MP: 0/6
   859 | D:1      | Reached skill level 4 in Stealth
  1571 | D:2      | Reached XP level 4. HP: 27/27 MP: 5/7
  2107 | D:3      | Reached skill level 5 in Stealth
  2411 | D:3      | Learned a level 3 spell: Stone Arrow
  2832 | D:3      | Reached XP level 5. HP: 31/31 MP: 6/8
  3381 | D:4      | Found a broken altar of Ashenzari.
  3418 | D:4      | Found Weilad's Antique Armour Emporium.
  3529 | D:4      | Killed from afar by an orc priest

Illustrated notes

Levels and vault maps discovered:
D:1:      dpeg_arrival_arbitrary_a, layout_loops_ring,
          shapermc_ecumenical_altar_ellora, minmay_misc_feat_pillars,
          chequers_serial_rivers_small_3
D:2:      minmay_diamond_boxcup, layout_basic
D:3:      minmay_wonky_spiral, layout_basic
D:4:      layout_basic, cheibrodos_ashenzari_chains, hex_tiny,
          nicolae_inconvenience_store

Skill      XL: |  1  2  3  4 |
---------------+-------------+-----
Stealth        | 3 4 5 |  5.6
Earth Magic    | 4 |  4.5
Dodging        | |  2.0
Spellcasting   | |  2.0
Transmutations | |  1.0

Action                     |  1- 3 |  4- 6 || total
---------------------------+-------+-------++-------
  Melee: Falchion          |     1 |       ||     1
   Cast: Sandblast         |    58 |    60 ||   118
    Use: Scroll            |     3 |     2 ||     5
 Armour: Skin              |       |     1 ||     1
  Dodge: Dodged            |    19 |    14 ||    33

Table legend: (Time is in decaauts)
 A = Elapsed time spent in this place.
 B = Non-inter-level travel time spent in this place.
 C = Inter-level travel time spent in this place.
 D = Time resting spent in this place.
 E = Time spent auto-exploring this place.
 F = Levels seen in this place.
 G = Mean time per level.
                   A        B        C        D        E       F      G
               +--------+--------+--------+--------+--------+-----+--------+
         Total |   3585 |   3471 |    114 |      0 |   2972 |   4 |  896.2 |
       Dungeon |   3585 |   3471 |    114 |      0 |   2972 |   4 |  896.2 |
               +--------+--------+--------+--------+--------+-----+--------+

Top non-repeatable levels by time:
     D:1: 1216 daAuts
     D:3: 1044 daAuts
     D:2: 916 daAuts
     D:4: 408 daAuts
